[Event "WA State Championship"]
[Site "Legacy House, South Perth"]
[Date "2005.08.14"]
[Round "7"]
[White "Garcia, M"]
[Black "Kurniawan, S"]
[Result "0-1"]
[WhiteElo "1454"]
[BlackElo "1800"]
[ECO "C07"]
[EventDate "2005.07.03"]
[TimeControl "5400+60"]

1.e4 e6 2.d4 d5 3.Nd2 c5 4.exd5 Qxd5 5.dxc5 Bxc5 6.Qf3 Qe5+ 7.Qe4 Qc7 8.
Bb5+ Bd7 9.Bxd7+ Nxd7 10.Nb3 Ngf6 11.Qe2 Bd6 12.Nf3 Rc8 13.c3 h6 14.Nbd4 
Be7 15.Nb5 Qb8 16.Be3 a6 17.Nbd4 O-O 18.h3 Nc5 19.Nb3 Nd5 20.O-O Na4 21.
Rab1 b5 22.Rfc1 Rfd8 23.Rc2 Nab6 24.Bxb6 Qxb6 25.Nfd4 Bf6 26.Qg4 a5 27.Rd2
a4 28.Nc1 a3 29.Nce2 axb2 30.Rdxb2 Nxc3 31.Rxb5 Nxb5 32.Rxb5 Qa6 33.Rh5 
Bxd4 34.Nxd4 Rc1+ 0-1

[Event "WA State Championship"]
[Site "Legacy House, South Perth"]
[Date "2005.08.14"]
[Round "7"]
[White "Pavlovic, M"]
[Black "Klimczak, J"]
[Result "1-0"]
[WhiteElo "1663"]
[BlackElo "1366"]
[ECO "A52"]
[EventDate "2005.07.03"]
[TimeControl "5400+60"]

1.d4 Nf6 2.c4 e5 3.dxe5 Ng4 4.Nf3 Nc6 5.Bf4 Bb4+ 6.Bd2 Qe7 7.a3 Bxd2+ 8.
Nbxd2 Ncxe5 9.e3 O-O 10.Nxe5 Nxe5 11.Be2 b6 12.Nf3 Nxf3+ 13.Bxf3 Rb8 14.
O-O d6 15.Rc1 Qf6 16.b4 Bb7 17.Bxb7 Rxb7 18.Qd5 Rbb8 19.Qd4 Qe7 20.Rfd1 
Rfd8 21.g3 c5 22.Qf4 cxb4 23.axb4 Rb7 24.Rd4 Rbd7 25.Rd5 g6 26.Rcd1 Kg7 
27.Qg4 Qe6 28.Qd4+ Qf6 29.c5 bxc5 30.bxc5 Qxd4 31.R5xd4 Rc8 32.cxd6 Rc6 
33.e4 f6 34.f4 Kf7 35.f5 a6 36.h4 a5 37.Kf2 a4 38.Rxa4 Rcxd6 39.Rxd6 Rxd6 
40.Ra7+ Kg8 41.fxg6 hxg6 42.Kf3 Re6 43.Kf4 Rc6 44.g4 Rc5 45.Rd7 Rb5 46.g5 
Rb6 47.gxf6 Rxf6+ 48.Kg5 Re6 49.Kf4 Kf8 50.e5 Ke8 51.Rd6 Ke7 52.Rxe6+ Kxe6
53.Kg5 Kf7 54.Kh6 1-0

[Event "WA State Championship"]
[Site "Legacy House, South Perth"]
[Date "2005.08.14"]
[Round "7"]
[White "Hessing, R"]
[Black "Walker, C"]
[Result "1-0"]
[WhiteElo "1663"]
[BlackElo "1353"]
[ECO "A02"]
[EventDate "2005.07.03"]
[TimeControl "5400+60"]

1.f4 d6 2.b3 Nc6 3.Nf3 e6 4.e3 Be7 5.Bb2 Bf6 6.Nc3 a6 7.d4 d5 8.Bd3 Bd7 9.
O-O g6 10.Qe1 Nb4 11.g4 Nxd3 12.cxd3 Ne7 13.Qg3 Bc6 14.Rac1 Qd6 15.Ne5 Bg7
16.Nb1 f6 17.Ba3 Qd8 18.Bxe7 Qxe7 19.Nxc6 bxc6 20.Rxc6 f5 21.Rfc1 Ra7 22.
Qg2 O-O 23.Nd2 fxg4 24.Qxg4 Re8 25.Nf3 Qa3 26.Qg2 Re7 27.Qc2 Qb4 28.Ng5 
Bh6 29.Nxe6 Qb5 30.Qc5 Qxc5 31.R1xc5 Kf7 32.Ng5+ Kg7 33.Kf2 Rd7 34.Ne6+ 
Kf7 35.Nxc7 Bf8 36.Rc2 a5 37.Nb5 Ra8 38.Rc7 Rd8 39.Rxd7+ Rxd7 40.Rc7 Ke7 
41.e4 dxe4 42.dxe4 Kd8 43.Rxd7+ Kxd7 44.Ke3 Be7 45.d5 Bb4 46.e5 1-0

[Event "WA State Championship"]
[Site "Legacy House, South Perth"]
[Date "2005.08.14"]
[Round "7"]
[White "Bailye, R"]
[Black "Markou, V"]
[Result "1-0"]
[WhiteElo "1223"]
[BlackElo "1452"]
[ECO "B50"]
[EventDate "2005.07.03"]
[TimeControl "5400+60"]

1.e4 c5 2.Nf3 d6 3.Bc4 Nf6 4.Nc3 a6 5.a3 e6 6.d4 cxd4 7.Nxd4 g6 8.O-O Bg7 
9.Bg5 Qc7 10.Bb3 O-O 11.Qd2 Nc6 12.Nxc6 Qxc6 13.Bh6 Nxe4 14.Nxe4 Qxe4 15.
Rfe1 Qc6 16.Bxg7 Kxg7 17.Re3 b5 18.a4 Bb7 19.Rg3 Rfc8 20.c3 d5 21.Rh3 h5 
22.Bd1 Rh8 23.Bf3 bxa4 24.Bd1 Rad8 25.Bxa4 Qc4 26.b3 Qe4 27.Re1 Qg4 28.Rg3
Qf5 29.Rf3 Qg4 30.Rf4 1-0

[Event "WA State Championship"]
[Site "Legacy House, South Perth"]
[Date "2005.08.21"]
[Round "8"]
[White "Dunlop, G"]
[Black "Barber, H"]
[Result "1/2-1/2"]
[WhiteElo "1825"]
[BlackElo "2143"]
[ECO "A80"]
[EventDate "2005.07.03"]
[TimeControl "5400+60"]

1.d4 f5 2.Bg5 h6 3.Bh4 g5 4.Bg3 Nf6 5.e4 fxe4 6.Nc3 d5 7.f3 Bf5 8.fxe4 
dxe4 9.Be5 Nbd7 10.Bc4 e6 11.h3 Nxe5 12.dxe5 Qxd1+ 13.Rxd1 Nd7 14.g4 Nxe5 
15.Bb5+ c6 16.gxf5 cxb5 17.fxe6 Bb4 18.Rd4 Bxc3+ 19.bxc3 Nf3+ 20.Nxf3 exf3
21.Kf2 Ke7 22.Rd7+ Kxe6 23.Rxb7 Rhf8 24.Re1+ Kd6 25.Rxb5 Rf4 26.Rbe5 Rd8 
1/2-1/2

[Event "WA State Championship"]
[Site "Legacy House, South Perth"]
[Date "2005.08.21"]
[Round "8"]
[White "Maris, R"]
[Black "Leonhardt, W"]
[Result "1-0"]
[WhiteElo "1939"]
[BlackElo "1916"]
[ECO "E00"]
[EventDate "2005.07.03"]
[TimeControl "5400+60"]

1.d4 Nf6 2.c4 e6 3.Nc3 b6 4.e4 d5 5.cxd5 exd5 6.e5 Ne4 7.Bd3 Bb7 8.Nge2 
Nd7 9.O-O Nxc3 10.bxc3 Be7 11.f4 c5 12.Ng3 Qc7 13.Qg4 cxd4 14.Nf5 Qxc3 15.
Bb5 Rd8 16.e6 fxe6 17.Nxg7+ Kf7 18.Qxe6+ Kf8 19.Bxd7 Rxd7 20.Qxd7 Bc8 21.
Qe8+ Kxg7 22.Qxe7+ Kg8 23.f5 h5 24.f6 Qxa1 1-0

[Event "WA State Championship"]
[Site "Legacy House, South Perth"]
[Date "2005.08.21"]
[Round "8"]
[White "Hare, T"]
[Black "Johnstone, R"]
[Result "1-0"]
[WhiteElo "2097"]
[BlackElo "1702"]
[ECO "D02"]
[EventDate "2005.07.03"]
[TimeControl "5400+60"]

1.Nf3 d5 2.g3 Nc6 3.d4 Bg4 4.Bg2 Qd7 5.h3 Bf5 6.Bf4 Nf6 7.g4 Be6 8.Nc3 a6 
9.Ne5 Nxe5 10.Bxe5 O-O-O 11.Qd3 Ne8 12.e4 dxe4 13.Qxe4 c6 14.Na4 Nd6 15.
Nb6+ 1-0

[Event "WA State Championship"]
[Site "Legacy House, South Perth"]
[Date "2005.08.21"]
[Round "8"]
[White "Viswanath, G"]
[Black "Ellis, D"]
[Result "0-1"]
[WhiteElo "1732"]
[BlackElo "1981"]
[ECO "A46"]
[EventDate "2005.07.03"]
[TimeControl "5400+60"]

1.Nf3 b6 2.d4 Nf6 3.Bg5 e6 4.Nbd2 Bb7 5.e3 Be7 6.Bd3 c5 7.c3 cxd4 8.exd4 
Nd5 9.Bxe7 Qxe7 10.O-O O-O 11.Re1 f5 12.c4 Nf4 13.Bf1 Qf6 14.Qb3 Nc6 15.
Qc3 Rac8 16.b4 Rc7 17.Nb3 Nxb4 18.Qxb4 Nh3+ 19.Kh1 Nxf2+ 20.Kg1 Nh3+ 21.
gxh3 Bxf3 22.Qd6 Rfc8 23.Qf4 Be4 24.Re3 a5 25.a4 d5 26.c5 bxc5 27.dxc5 g5 
28.Qd6 Rc6 29.Qd7 f4 30.Ree1 f3 31.Ra2 Qc3 32.Rd2 Qxb3 33.Ba6 Qc3 34.Bxc8 
f2+ 35.Rxf2 Qxe1+ 36.Rf1 Qe3+ 37.Rf2 Qc1+ 38.Rf1 Qxc5+ 39.Rf2 Qc1+ 40.Rf1 
Qe3+ 0-1

[Event "WA State Championship"]
[Site "Legacy House, South Perth"]
[Date "2005.08.21"]
[Round "8"]
[White "Kurniawan, S"]
[Black "Kueh, M"]
[Result "1-0"]
[WhiteElo "1800"]
[BlackElo "1860"]
[ECO "B00"]
[EventDate "2005.07.03"]
[TimeControl "5400+60"]

1.e4 Nc6 2.Nf3 d6 3.d4 Bg4 4.Be2 Nf6 5.Nc3 e6 6.h3 Bh5 7.g4 Bg6 8.Bg5 Be7 
9.Bxf6 Bxf6 10.Qd2 d5 11.e5 Be7 12.Bd3 Nb4 13.Bxg6 hxg6 14.O-O-O Qd7 15.
Ng5 Bxg5 16.Qxg5 Qe7 17.Qe3 O-O-O 18.Kb1 Kb8 19.Na4 Na6 20.a3 Rc8 21.b4 
Qd7 22.Qb3 c6 23.Rd3 b5 24.Nb2 f6 25.exf6 gxf6 26.Rf3 Qg7 27.Re1 Rhe8 28.
g5 f5 29.Qc3 Qe7 30.h4 Qd6 31.Nd3 Rh8 32.Nf4 Rxh4 33.Rxe6 Qd7 34.Rxg6 Kb7 
35.Ne6 Re8 36.Re3 Re4 37.Rxe4 dxe4 38.Rg7 Re7 39.d5 cxd5 40.Nd8+ Ka8 41.
Rxe7 Qxe7 42.Qc8+ Nb8 43.Qxb8+ Kxb8 44.Nc6+ Kb7 45.Nxe7 f4 46.Nxd5 e3 47.
fxe3 f3 48.e4 f2 49.Ne3 Kc6 50.g6 Kd6 51.g7 Ke5 52.g8=Q a5 53.Qg3+ Kd4 54.
Qxf2 a4 55.Nd1+ 1-0

[Event "WA State Championship"]
[Site "Legacy House, South Perth"]
[Date "2005.08.21"]
[Round "8"]
[White "Lubtschenko, W"]
[Black "Fedec, J"]
[Result "0-1"]
[WhiteElo "1693"]
[BlackElo "1829"]
[ECO "D03"]
[EventDate "2005.07.03"]
[TimeControl "5400+60"]

1.d4 d5 2.Bg5 Nf6 3.Nf3 Ne4 4.h4 c5 5.e3 Nc6 6.c3 Qb6 7.Qb3 c4 8.Qxb6 axb6
9.Na3 Ra5 10.Nd2 Nxd2 11.Kxd2 f6 12.Bf4 e5 13.Bg3 Bxa3 14.bxa3 Bf5 15.f3 
exd4 16.cxd4 Rxa3 17.Bc7 b5 18.g4 Be6 19.Bd6 b4 20.Be2 Kd7 21.Bxb4 Nxb4 
22.Rhb1 c3+ 23.Kc1 Nxa2+ 24.Kd1 Rc8 25.Rxb7+ Kd6 26.Rb6+ Ke7 27.Bd3 Bd7 
28.Rb7 Kd8 29.Bxh7 Ba4+ 0-1

[Event "WA State Championship"]
[Site "Legacy House, South Perth"]
[Date "2005.08.21"]
[Round "8"]
[White "Maris, N"]
[Black "Patron, A"]
[Result "0-1"]
[WhiteElo "1669"]
[BlackElo "1820"]
[ECO "B12"]
[EventDate "2005.07.03"]
[TimeControl "5400+60"]

1.e4 c6 2.d4 d5 3.e5 Bf5 4.Nf3 e6 5.Nc3 Bb4 6.Bd2 Ne7 7.a3 Ba5 8.b4 Bc7 9.
Be2 a5 10.b5 Nd7 11.Na4 O-O 12.O-O h6 13.c4 dxc4 14.bxc6 Nxc6 15.Bxc4 Rb8 
16.Bb5 Ne7 17.Be3 Nd5 18.Bd2 Qe7 19.Qb3 Rfc8 20.Rac1 Kh8 21.h3 f6 22.Nh4 
Bh7 23.Bd3 fxe5 24.Ng6+ Bxg6 25.Bxg6 exd4 26.Rfe1 Qf6 27.Be4 Rf8 28.Rf1 
Qe5 29.Rfe1 Qh2+ 30.Kf1 Bg3 31.f3 Qh1+ 32.Ke2 Qxg2+ 33.Kd1 Bxe1 34.Kxe1 
N7f6 35.Bb1 Nh5 36.Qc2 Ndf6 37.Qg6 Ng3 38.Kd1 Qxf3+ 39.Kc2 Rbc8+ 40.Kb2 
Rxc1 41.Bxc1 Nf5 42.Bd2 Ne3 43.Bd3 Qf2 44.Kc1 Rc8+ 0-1

[Event "WA State Championship"]
[Site "Legacy House, South Perth"]
[Date "2005.08.21"]
[Round "8"]
[White "Rados, P"]
[Black "Pavlovic, M"]
[Result "1-0"]
[WhiteElo "1723"]
[BlackElo "1663"]
[ECO "D03"]
[EventDate "2005.07.03"]
[TimeControl "5400+60"]

1.d4 Nf6 2.Nf3 e6 3.Bg5 d5 4.Nbd2 Be7 5.e3 h6 6.Bh4 Nbd7 7.Bd3 O-O 8.c3 c5
9.O-O c4 10.Bc2 b6 11.e4 Nxe4 12.Bxe7 Qxe7 13.Nxe4 dxe4 14.Bxe4 Rb8 15.Re1
Nf6 16.Ne5 Nxe4 17.Rxe4 Bb7 18.Rg4 Bd5 19.Qd2 f5 20.Rg6 Kh7 21.Qf4 Rf6 22.
Qg3 Rxg6 23.Nxg6 Qe8 24.Ne5 Rb7 25.h4 Qh5 26.f4 g6 27.Kf2 Rg7 28.Nf3 Bxf3 
29.gxf3 g5 30.fxg5 hxg5 31.Rg1 Qxh4 32.Qxh4+ gxh4 33.Rh1 Kg6 34.Rxh4 Kf6 
35.Rh6+ Ke7 36.Rh8 Kd6 37.a4 Rb7 38.Rd8+ Ke7 39.Rc8 b5 40.a5 Kd7 41.Rc5 
Kd6 42.Ke3 Rh7 43.Rxb5 Rc7 44.Kf4 Rc6 45.d5 exd5 46.Kxf5 Rc7 47.Kf6 Rh7 
48.f4 Kc6 49.Rb4 Kc5 50.Rb8 d4 51.cxd4+ Kxd4 52.Kg6 Rc7 53.Rb5 Rc6+ 54.Kg5
c3 55.bxc3+ Rxc3 56.f5 Rc7 57.f6 a6 58.Rf5 Rf7 59.Kg6 Rf8 60.f7 Rc8 61.
f8=Q Rxf8 62.Rxf8 1-0

[Event "WA State Championship"]
[Site "Legacy House, South Perth"]
[Date "2005.08.21"]
[Round "8"]
[White "Whitehead, P"]
[Black "Tomic, N"]
[Result "0-1"]
[WhiteElo "1610"]
[BlackElo "1705"]
[ECO "A80"]
[EventDate "2005.07.03"]
[TimeControl "5400+60"]

1.d4 f5 2.Nc3 e6 3.Nf3 b6 4.g4 Bb4 5.gxf5 exf5 6.Qd3 Qf6 7.Rg1 Nc6 8.Bg5 
Qf8 9.O-O-O Be7 10.Nb5 Nb4 11.Nxc7+ Kd8 12.Qc4 Rb8 13.Ne5 Bxg5+ 14.Rxg5 
Nh6 15.a3 Rb7 16.Nd5 Nxd5 17.Qxd5 Qf6 18.h4 g6 19.Rd3 Rc7 20.Kb1 Bb7 21.
Qb3 d6 22.Rgg3 Re8 23.Bh3 Qxh4 24.Nf3 Qf6 25.Re3 Rxe3 26.Qxe3 f4 27.Qd2 
fxg3 28.Qxh6 Be4 29.Qg5 Qxg5 30.Nxg5 Bxc2+ 31.Ka2 Ke7 32.fxg3 Kf6 33.Ne6 
Re7 34.Nf4 Be4 35.Bg4 g5 36.Nh3 a5 37.b4 axb4 38.axb4 Rc7 39.Nf2 Bd5+ 40.
Kb2 Re7 41.Kc3 Re3+ 42.Kd2 Rxg3 43.e4 Bf7 44.e5+ Ke7 45.exd6+ Kd8 46.Bf5 
Rf3 47.Ng4 Rxf5 48.Ke3 Bd5 0-1

[Event "WA State Championship"]
[Site "Legacy House, South Perth"]
[Date "2005.08.21"]
[Round "8"]
[White "O'Donohue, B"]
[Black "Jahangirian, M"]
[Result "1-0"]
[WhiteElo "1592"]
[BlackElo "1701"]
[ECO "B33"]
[EventDate "2005.07.03"]
[TimeControl "5400+60"]

1.e4 c5 2.Nf3 Nc6 3.d4 cxd4 4.Nxd4 Nf6 5.Nc3 a6 6.Nxc6 bxc6 7.e5 Ng8 8.Qf3
g6 9.Bc4 e6 10.O-O f5 11.exf6 Qxf6 12.Qg3 d5 13.Bg5 Qf7 14.Bb3 Nh6 15.Ba4 
Bd7 16.Qe5 Rg8 17.Rae1 Rc8 18.Nxd5 cxd5 19.Qxd5 Bxa4 20.Rxe6+ Be7 21.Bxe7 
Bd7 22.Rfe1 Bxe6 23.Rxe6 Qxe7 24.Rxe7+ Kxe7 25.Qg5+ Kf7 26.Qxh6 Rxc2 27.
Qf4+ Kg7 28.Qd4+ Kh6 29.g3 Rgc8 30.Kg2 Re2 31.a4 Rcc2 32.b4 Ra2 33.b5 axb5
34.axb5 Reb2 35.b6 Rb1 36.Qh4+ Kg7 37.Qe7+ Kh6 38.Qf8+ Kh5 39.Qf4 g5 40.
g4+ Kg6 41.Qf5+ 1-0

[Event "WA State Championship"]
[Site "Legacy House, South Perth"]
[Date "2005.08.21"]
[Round "8"]
[White "Holland, D"]
[Black "Choong, Y"]
[Result "1-0"]
[WhiteElo "1588"]
[BlackElo "1633"]
[ECO "A52"]
[EventDate "2005.07.03"]
[TimeControl "5400+60"]

1.d4 Nf6 2.c4 e5 3.dxe5 Ng4 4.e4 Nxe5 5.f4 Ng6 6.Be3 Bb4+ 7.Nd2 d6 8.Nf3 
Qe7 9.Bd3 f5 10.O-O Bxd2 11.Nxd2 O-O 12.Qb3 Kh8 13.Rae1 a5 14.exf5 a4 15.
Qc2 Nh4 16.Bf2 Qd8 17.Bxh4 Qxh4 18.Re3 Qf6 19.Nf3 Nc6 20.Qe2 Bxf5 21.Bxf5 
Qxf5 22.Nh4 Qc5 23.Kh1 Nd4 24.Qd3 Nf5 25.Nxf5 Qxf5 26.Qxf5 Rxf5 27.Re7 Rc5
28.Rfe1 Kg8 29.b3 axb3 30.axb3 Kf8 31.g4 Rd8 32.Kg2 b6 33.Kg3 c6 34.Rb7 b5
35.Ree7 bxc4 36.Rf7+ Kg8 37.Rxg7+ Kf8 38.Rxh7 Kg8 39.Rhg7+ Kh8 40.f5 Rb8 
41.Rh7+ Kg8 42.Rbg7+ Kf8 43.f6 1-0

[Event "WA State Championship"]
[Site "Legacy House, South Perth"]
[Date "2005.08.21"]
[Round "8"]
[White "Janceski, A"]
[Black "Garcia, M"]
[Result "1-0"]
[WhiteElo "1662"]
[BlackElo "1454"]
[ECO "D88"]
[EventDate "2005.07.03"]
[TimeControl "5400+60"]

1.d4 Nf6 2.c4 g6 3.Nc3 d5 4.cxd5 Nxd5 5.e4 Nxc3 6.bxc3 Bg7 7.Bc4 O-O 8.Ne2
c5 9.O-O cxd4 10.cxd4 Nc6 11.Be3 Na5 12.Bd3 b6 13.Rc1 Nb7 14.Qc2 Nd6 15.
Rfd1 e6 16.h3 Bb7 17.f3 Qe7 18.Qa4 Qe8 19.Qa3 Qd7 20.Rc2 Rfc8 21.Rdc1 Bf8 
22.Qb3 Rxc2 23.Rxc2 Rc8 24.Kf2 Rxc2 25.Qxc2 Qc6 26.Qb3 b5 27.Nc3 a6 28.d5 
Qd7 29.g4 b4 30.Qxb4 Nf5 31.Bc5 Qc7 32.Bxf8 Qh2+ 33.Ke1 Qg1+ 34.Kd2 Qe3+ 
35.Kc2 Nd4+ 36.Kb2 Qxd3 37.Bh6 Qc2+ 38.Ka1 Qc1+ 39.Bxc1 Nc2+ 40.Kb2 Nxb4 
41.Kb3 Nd3 42.Be3 exd5 43.exd5 Kf8 44.f4 Ke7 45.Kc4 Nb2+ 46.Kc5 Kd7 47.g5 
Nd3+ 48.Kd4 Nb4 49.Ke5 Ba8 50.a3 Nd3+ 51.Ke4 Ne1 52.Bc5 Ng2 53.Bf2 1-0

[Event "WA State Championship"]
[Site "Legacy House, South Perth"]
[Date "2005.08.21"]
[Round "8"]
[White "Klimczak, J"]
[Black "Hessing, R"]
[Result "0-1"]
[WhiteElo "1366"]
[BlackElo "1663"]
[ECO "B01"]
[EventDate "2005.07.03"]
[TimeControl "5400+60"]

1.e4 d5 2.exd5 Qxd5 3.Nc3 Qa5 4.Bd3 Nf6 5.Nf3 Bg4 6.h3 Bh5 7.O-O c6 8.Qe2 
Nbd7 9.a3 e6 10.b4 Bxb4 11.Bb2 Bd6 12.Ne4 Qc7 13.Nxd6+ Qxd6 14.Rfe1 O-O 
15.a4 Rfd8 16.Bxf6 Nxf6 17.Qe5 Bxf3 18.Qxd6 Rxd6 19.gxf3 Rad8 20.Rab1 b6 
21.f4 g6 22.Re3 Rd4 23.a5 b5 24.a6 Rxf4 25.Bxb5 cxb5 26.Rxb5 Ra4 27.d3 
Rxa6 28.c4 Ra3 29.c5 Raxd3 30.c6 Rd1+ 31.Kg2 Rc1 32.Ra3 Rxc6 33.Rxa7 Rd7 
34.Rb8+ Kg7 35.Raa8 Rc2 36.Kf3 Rd6 37.Kg2 Rdd2 38.Kg3 Rxf2 39.h4 h5 40.Ra4
Ng4 41.Rb7 Rc3# 0-1

[Event "WA State Championship"]
[Site "Legacy House, South Perth"]
[Date "2005.08.21"]
[Round "8"]
[White "Walker, C"]
[Black "Bailye, R"]
[Result "0-1"]
[WhiteElo "1353"]
[BlackElo "1223"]
[ECO "D35"]
[EventDate "2005.07.03"]
[TimeControl "5400+60"]

1.d4 Nf6 2.c4 e6 3.Nc3 d5 4.cxd5 exd5 5.g3 Be7 6.Bg2 c6 7.Nf3 O-O 8.O-O 
Re8 9.a3 Nbd7 10.b4 a6 11.Qc2 Nf8 12.Bb2 Bg4 13.Rfe1 Qd7 14.Ne5 Qe6 15.Bc1
Bh5 16.f3 N6d7 17.Nxd7 Qxd7 18.e3 Bg6 19.Qf2 Bf6 20.Ne2 Ne6 21.Bd2 b6 22.
Qf1 c5 23.bxc5 bxc5 24.Bc3 Bd3 25.Rad1 Bc4 26.Qf2 cxd4 27.exd4 Rab8 28.Bh3
Qc6 29.Rc1 Rb3 30.Bxe6 Rxe6 31.Nf4 Rxe1+ 32.Qxe1 g6 33.Qd2 Rxa3 34.Nd3 Qb6
35.Nc5 Qc6 36.f4 Qc8 37.Rc2 Be7 38.Kg2 Qf5 39.h3 g5 40.Rb2 gxf4 41.gxf4 
Bd6 42.Rb7 Bxf4 43.Qe1 Qg5+ 44.Kh1 Bb5 45.Nxa6 Ra2 46.Qg1 Rh2+ 47.Qxh2 
Bxh2 48.Kxh2 Bxa6 49.Rb2 Bf1 50.Rf2 Bxh3 51.Kxh3 Qe3+ 0-1

[Event "WA State Championship"]
[Site "Legacy House, South Perth"]
[Date "2005.08.21"]
[Round "8"]
[White "O'Shaughnessy, D"]
[Black "Taylor, P"]
[Result "0-1"]
[WhiteElo "1303"]
[BlackElo "1100"]
[ECO "D53"]
[EventDate "2005.07.03"]
[TimeControl "5400+60"]

1.d4 d5 2.c4 e6 3.Nc3 Nf6 4.Bg5 Be7 5.Nf3 h6 6.Bh4 Nbd7 7.e3 b6 8.cxd5 
Nxd5 9.Nxd5 exd5 10.Bxe7 Qxe7 11.Rc1 Nf6 12.Qc2 O-O 13.Qxc7 Bd7 14.Qc2 
Rfc8 15.Qd1 Qb4+ 16.Nd2 Ne4 0-1

[Event "WA State Championship"]
[Site "Legacy House, South Perth"]
[Date "2005.08.28"]
[Round "9"]
[White "Ellis, D"]
[Black "Kurniawan, S"]
[Result "1-0"]
[WhiteElo "1981"]
[BlackElo "1800"]
[ECO "A06"]
[EventDate "2005.07.03"]
[TimeControl "5400+60"]

1.Nf3 d5 2.b3 Bg4 3.e3 Nd7 4.h3 Bh5 5.Bb2 Ngf6 6.Be2 Bxf3 7.Bxf3 e5 8.d3 
Bd6 9.Nd2 a5 10.a3 O-O 11.O-O Re8 12.e4 c6 13.Re1 Qb6 14.Nf1 d4 15.g4 Nf8 
16.Ng3 Ne6 17.Nf5 Bf8 18.Bc1 Nf4 19.g5 Nd7 20.Bg4 Rad8 21.Kh1 Qc5 22.a4 g6
23.Nh4 Qe7 24.Bxf4 exf4 25.Bxd7 Qxd7 26.Qg4 Qxg4 27.hxg4 Re5 28.Nf3 Rc5 
29.Re2 Rc3 30.Kg2 Be7 31.Rd1 Rc5 32.e5 b5 33.Ra1 Kg7 34.axb5 Rxb5 35.Ra4 
Bb4 36.Re4 Rbd5 37.Rxf4 c5 38.Re4 Bc3 39.Ng1 Re8 40.f4 h6 41.gxh6+ Kxh6 
42.Nf3 Kg7 43.f5 gxf5 44.gxf5 f6 45.exf6+ Kf8 46.Rxe8+ Kxe8 47.Ng5 Rxf5 
48.Ne4 Rd5 49.Nxc3 dxc3 50.Rc4 Kf7 51.Rxc3 Kxf6 52.Rc4 Ke5 53.Kf3 Kd6 54.
Ra4 Re5 55.Rxa5 Re1 56.Ra4 Kd5 57.Kf2 Re8 58.Rh4 Re7 59.Rc4 Re6 60.Kf3 Re7
61.Re4 Rh7 62.Ke2 Rh2+ 63.Kd1 Rh1+ 64.Kd2 Rg1 65.Re2 Rh1 66.Kc3 Rg1 67.Rh2
Rc1 68.Rh5+ Kd6 69.Rg5 Kc6 70.Rg4 Kd5 71.d4 cxd4+ 72.Rxd4+ Kc5 73.Rh4 Kb5 
74.Rh5+ Kc6 75.b4 Rb1 76.Kc4 Rg1 77.Rh6+ Kc7 78.c3 Rg4+ 79.Kb3 Kb7 80.b5 
1-0

[Event "WA State Championship"]
[Site "Legacy House, South Perth"]
[Date "2005.08.28"]
[Round "9"]
[White "Barber, H"]
[Black "Holland, D"]
[Result "1-0"]
[WhiteElo "2143"]
[BlackElo "1588"]
[ECO "C42"]
[EventDate "2005.07.03"]
[TimeControl "5400+60"]

1.e4 e5 2.Nf3 Nf6 3.Nxe5 d6 4.Nf3 Nxe4 5.d4 d5 6.Bd3 Bd6 7.O-O O-O 8.c4 c6
9.Nc3 Nxc3 10.bxc3 h6 11.Re1 Nd7 12.cxd5 cxd5 13.h3 b6 14.Bd2 Bb7 15.a4 
Nf6 16.Ne5 Ne4 17.Ra2 Qh4 18.Re2 Bxe5 19.dxe5 Rfe8 20.a5 Re6 21.axb6 Nxd2 
22.Qxd2 Rxb6 23.Qe3 Rb3 24.Bc2 d4 25.Qxd4 Qxd4 26.cxd4 Rc3 27.Be4 Bxe4 28.
Rxe4 Rc4 29.Ra6 Kf8 30.Rf4 Ke7 31.g3 Rb4 32.d5 Rb6 33.Rfa4 Rb5 34.R4a5 
Rxa5 35.Rxa5 a6 36.Kg2 Kd7 37.Kf3 Kc7 38.Ke4 Kb6 39.Ra1 a5 40.d6 Rc8 41.
Rb1+ Kc6 42.Rc1+ Kd7 43.Rxc8 Kxc8 44.Kd5 Kd7 45.Kc5 g5 46.f4 a4 47.Kb4 f5 
48.Kxa4 h5 49.h4 1-0

[Event "WA State Championship"]
[Site "Legacy House, South Perth"]
[Date "2005.08.28"]
[Round "9"]
[White "Choong, Y"]
[Black "Hare, T"]
[Result "0-1"]
[WhiteElo "1633"]
[BlackElo "2097"]
[ECO "B90"]
[EventDate "2005.07.03"]
[TimeControl "5400+60"]

1.e4 c5 2.Nf3 a6 3.d4 cxd4 4.Nxd4 e5 5.Nb3 d6 6.Nc3 Be6 7.Be3 Nf6 8.f3 Be7
9.Be2 Nbd7 10.O-O O-O 11.Qd2 Rc8 12.Rfd1 Qc7 13.Rac1 Nb6 14.a4 d5 15.exd5 
Nbxd5 16.Nxd5 Nxd5 17.Bf2 Nf4 18.Be3 Bxb3 19.cxb3 Qxc1 20.Rxc1 Rxc1+ 21.
Kf2 Nxe2 22.Kxe2 Rc6 23.Qd7 Bf6 24.Qxb7 Rc2+ 25.Kd3 Rxb2 26.g4 h6 27.Kc4 
Rc2+ 28.Kb4 Rfc8 29.Qxa6 Be7+ 30.Ka5 Rb8 31.Qd3 Rc6 32.Bd2 Bd8+ 33.Qxd8+ 
Rxd8 34.Kb5 Rxd2 35.Kxc6 Rb2 36.a5 Rxb3 37.a6 Rxf3 0-1

[Event "WA State Championship"]
[Site "Legacy House, South Perth"]
[Date "2005.08.28"]
[Round "9"]
[White "Kueh, M"]
[Black "Dunlop, G"]
[Result "0-1"]
[WhiteElo "1860"]
[BlackElo "1825"]
[ECO "A02"]
[EventDate "2005.07.03"]
[TimeControl "5400+60"]

1.f4 e5 2.fxe5 d6 3.exd6 Bxd6 4.Nf3 g5 5.g3 g4 6.Nh4 Ne7 7.Nc3 Ng6 8.Nxg6 
hxg6 9.Ne4 Bf5 10.Nf2 Nc6 11.Bg2 Qe7 12.Bxc6+ bxc6 13.d3 O-O-O 14.Kf1 Bc5 
15.e3 Be4 16.Nxe4 Qxe4 17.Kf2 Qf5+ 18.Kg2 Rde8 19.Rf1 Rxh2+ 20.Kxh2 Qh5+ 
21.Kg2 Qh3+ 22.Kf2 Qh2+ 23.Ke1 Bxe3 24.Qxg4+ f5 25.Bxe3 Rxe3+ 26.Kd1 fxg4 
0-1

[Event "WA State Championship"]
[Site "Legacy House, South Perth"]
[Date "2005.08.28"]
[Round "9"]
[White "Leonhardt, W"]
[Black "Janceski, A"]
[Result "1-0"]
[WhiteElo "1916"]
[BlackElo "1662"]
[ECO "D10"]
[EventDate "2005.07.03"]
[TimeControl "5400+60"]

1.d4 d5 2.c4 dxc4 3.Nc3 c6 4.a4 Bd7 5.a5 e6 6.Bd2 Nf6 7.e3 Bb4 8.Ne4 Bxd2+
9.Nxd2 c5 10.Nxc4 O-O 11.Nf3 cxd4 12.Nxd4 Nc6 13.Nf3 Qc7 14.Be2 Rfd8 15.
O-O Be8 16.Qb3 Rd5 17.Rfc1 Qe7 18.h3 g5 19.Nh2 Rad8 20.Ng4 Nxg4 21.Bxg4 f5
22.Be2 Bf7 23.a6 bxa6 24.Rxa6 Rb8 25.Qa4 Be8 26.Qa1 e5 27.Na5 Nb4 28.Qa3 
Bb5 29.Bc4 Bxc4 30.Nxc4 Rb7 31.Ra5 Rbd7 32.Rxd5 Rxd5 33.Na5 Kf8 34.Rc8+ 
Kg7 35.Qc3 Rd7 36.Qc4 Nd5 37.Nc6 Qd6 38.b4 Nb6 39.Rg8+ Kh6 40.Qc2 Qe6 41.
Rf8 Rc7 42.b5 e4 43.Qb2 Rf7 44.Nd8 Qf6 45.Nxf7+ Kg7 46.Qxf6+ Kxf6 47.Nd8+ 
Ke7 48.Rh8 1-0

[Event "WA State Championship"]
[Site "Legacy House, South Perth"]
[Date "2005.08.28"]
[Round "9"]
[White "Fedec, J"]
[Black "Rados, P"]
[Result "1-0"]
[WhiteElo "1829"]
[BlackElo "1723"]
[ECO "C08"]
[EventDate "2005.07.03"]
[TimeControl "5400+60"]

1.e4 e6 2.d4 d5 3.Nd2 c5 4.exd5 exd5 5.Bb5+ Nc6 6.Qe2+ Qe7 7.dxc5 Qxe2+ 8.
Nxe2 Bxc5 9.Nb3 Bb6 10.Ned4 Bd7 11.Be3 Nge7 12.c3 O-O 13.Be2 Ne5 14.Nc2 
Bf5 15.Bxb6 Bxc2 16.Bc5 Rfe8 17.O-O N7c6 18.Rfc1 Bd3 19.Bxd3 Nxd3 20.Rc2 
b6 21.Be3 Rad8 22.Rd1 Nde5 23.Nd4 Na5 24.Bc1 Nd3 25.Be3 Ne5 26.Kf1 Nac4 
27.Bc1 Ng4 28.h3 Nf6 29.Bg5 Rd6 30.Nb5 Rd7 31.Bxf6 gxf6 32.b3 Ne5 33.Re2 
Rc8 34.Re3 a6 35.Nd4 Rdc7 36.Nf5 Rd8 37.f4 Ng6 38.g3 Kf8 39.c4 Rcd7 40.
Red3 Ne7 41.Nxe7 Kxe7 42.cxd5 Kd6 43.Rc1 Rc7 44.Rc6+ Rxc6 45.dxc6+ Kc7 46.
Rxd8 Kxd8 47.Kf2 Kc7 48.Kf3 Kxc6 49.Kg4 Kd6 50.Kf5 Ke7 51.g4 h6 52.a3 a5 
53.a4 Kd6 54.Kxf6 Kc5 55.Kxf7 b5 56.axb5 Kxb5 57.g5 hxg5 58.fxg5 Kb4 59.g6
Kxb3 60.g7 a4 61.g8=Q a3 62.Qh8 Ka2 63.Qc3 1-0

[Event "WA State Championship"]
[Site "Legacy House, South Perth"]
[Date "2005.08.28"]
[Round "9"]
[White "Johnstone, R"]
[Black "Tomic, N"]
[Result "1-0"]
[WhiteElo "1702"]
[BlackElo "1705"]
[ECO "B29"]
[EventDate "2005.07.03"]
[TimeControl "5400+60"]

1.e4 c5 2.Nf3 Nf6 3.e5 Nd5 4.Nc3 e6 5.Nxd5 exd5 6.d4 c4 7.g3 Be7 8.Bg2 b5 
9.a4 b4 10.O-O Nc6 11.Be3 O-O 12.Nd2 Ba6 13.Re1 c3 14.bxc3 bxc3 15.Nb1 Qa5
16.Qg4 Rfd8 17.Bh6 g6 18.Re3 Qb4 19.Nxc3 Rab8 20.Nxd5 Qb1+ 21.Re1 Qb2 22.
Nxe7+ Nxe7 23.Bg5 Re8 24.Bf6 Bc4 25.Qg5 Nf5 26.g4 h6 27.Qf4 Qxd4 28.Be4 
Kh7 29.gxf5 Rg8 30.fxg6+ fxg6 31.Rad1 Qc5 32.Rxd7+ 1-0

[Event "WA State Championship"]
[Site "Legacy House, South Perth"]
[Date "2005.08.28"]
[Round "9"]
[White "Pavlovic, M"]
[Black "Lubtschenko, W"]
[Result "1-0"]
[WhiteElo "1663"]
[BlackElo "1693"]
[ECO "E91"]
[EventDate "2005.07.03"]
[TimeControl "5400+60"]

1.d4 c5 2.d5 Nf6 3.c4 g6 4.Nc3 Bg7 5.e4 d6 6.Nf3 O-O 7.Be2 Bd7 8.O-O a6 9.
a4 Ne8 10.Ne1 f5 11.f3 Nf6 12.Nd3 a5 13.Be3 Na6 14.Qd2 Nh5 15.Bh6 Bd4+ 16.
Be3 Bg7 17.Nf4 Nxf4 18.Bxf4 Nc7 19.Ra3 Ne8 20.Bh6 Nf6 21.Bxg7 Kxg7 22.Bd3 
f4 23.Re1 e5 24.Rb3 b6 25.Nb5 g5 26.Nxd6 Bxa4 27.Nf5+ Kg6 28.Ra3 Bd7 29.g4
h5 30.h3 Rh8 31.Re2 Rh7 32.Ra2 Qb8 33.b3 Qb7 34.Rh2 hxg4 35.hxg4 Rah8 36.
Rxh7 Rxh7 37.Bf1 Qa8 38.Qc3 Qh8 39.Rg2 Rh1+ 40.Kf2 Qb8 41.Rg1 Rh2+ 42.Bg2 
a4 43.bxa4 Bxa4 44.Ra1 b5 45.Ne7+ Kg7 46.Nc6 Qd6 47.Qxe5 Qxe5 48.Nxe5 Rh8 
49.cxb5 Bxb5 50.Ra7+ Kg8 51.Ra8+ Ne8 52.Rc8 c4 53.Nxc4 Bxc4 54.Rxe8+ Kg7 
55.Rxh8 Kxh8 56.Bf1 Bxf1 57.Kxf1 Kg7 58.e5 Kf7 59.Ke2 Ke7 60.Kd3 Kf7 1-0